| TOP OF THE 1ST |
|
Mahoning Valley Scrappers batting - Pitching for Hudson Valley Renegades : RHP Dave Navarro
|
|
Pitching: RHP Dave Navarro
|
|
|
Batting: LHB John Harring
|
0-0: Swinging Strike 0-1: Swinging Strike 0-2: Strikes out swinging
|
|
Batting: RHB Juan Padilla
|
0-0: Called Strike 0-1: Ground out 5-3 (Groundball, 5, EV 81.3 MPH)
|
|
Batting: RHB Ryan Gautney
|
0-0: Ball 1-0: Swinging Strike 1-1: Called Strike 1-2: Ball 2-2: Ball 3-2: DOUBLE (Line Drive, 7LS, EV 101.9 MPH)
|
|
Batting: SHB Joe Zeiset
|
0-0: Foul Ball, location: 2F 0-1: Ball 1-1: Ball 2-1: Foul Ball, location: 2F 2-2: Ball 3-2: DOUBLE (Groundball, 3L, EV 110.6 MPH) Ryan Gautney scores
|
|
Batting: LHB Devon Grant
|
0-0: Called Strike 0-1: Ball 1-1: Ball 2-1: Ball 3-1: Called Strike 3-2: Base on Balls
|
|
Batting: RHB Jeremy Givens
|
0-0: Fielders Choice at 2nd, U6 (Groundball, 6M, EV 86.3 MPH)
|
| Top of the 1st over - 1 run, 2 hits, 0 errors, 2 left on base; Mahoning Valley 1 - Hudson Valley 0 |
| BOTTOM OF THE 1ST |
|
Hudson Valley Renegades batting - Pitching for Mahoning Valley Scrappers : RHP Fomio Tashima
|
|
Pitching: RHP Fomio Tashima
|
|
|
Batting: LHB Dan Hunt
|
0-0: Ball 1-0: Called Strike 1-1: Called Strike 1-2: Ball 2-2: Foul Ball, location: 2F 2-2: Ball 3-2: Foul Ball, location: 2F 3-2: SINGLE (Line Drive, 6M, EV 97.5 MPH)
|
|
Batting: RHB Jesse Haddad
|
0-0: Ball Dan Hunt is caught stealing 2nd base 2-4 1-0: Ground out 6-3 (Groundball, 6, EV 90.0 MPH)
|
|
Batting: LHB Mark Marvin
|
0-0: Ball 1-0: Ball 2-0: Ball 3-0: Base on Balls
|
|
Batting: SHB Suljo Dokic
|
0-0: Ball Mark Marvin steals 2nd base 1-0: Ball 2-0: Called Strike 2-1: Ball 3-1: Base on Balls
|
|
Batting: LHB Killian Chaumont
|
0-0: Foul Ball, location: 2F 0-1: Ball 1-1: Foul Ball, location: 2F 1-2: Ball 2-2: Strikes out swinging
|
| Bottom of the 1st over - 0 runs, 1 hit, 0 errors, 2 left on base; Mahoning Valley 1 - Hudson Valley 0 |
| TOP OF THE 2ND |
|
Mahoning Valley Scrappers batting - Pitching for Hudson Valley Renegades : RHP Dave Navarro
|
|
Batting: RHB Ricky Cordova
|
0-0: Foul Ball, location: 2F 0-1: Foul Ball, location: 2F 0-2: Foul Ball, location: 2F 0-2: Strikes out swinging, 2-3 out at first.
|
|
Batting: RHB Blake Kelly
|
0-0: Called Strike 0-1: Ball 1-1: Called Strike 1-2: SINGLE (Line Drive, 89S, EV 105.0 MPH)
|
|
Batting: RHB Gashie Chimsima
|
0-0: Called Strike 0-1: Foul Ball, location: 2F 0-2: Strikes out swinging
|
|
Batting: LHB John Harring
|
0-0: Fly out, F8 (Flyball, 8RS, EV 80.6 MPH)
|
| Top of the 2nd over - 0 runs, 1 hit, 0 errors, 1 left on base; Mahoning Valley 1 - Hudson Valley 0 |
| BOTTOM OF THE 2ND |
|
Hudson Valley Renegades batting - Pitching for Mahoning Valley Scrappers : RHP Fomio Tashima
|
|
Batting: RHB Khalil Walker
|
0-0: DOUBLE (Line Drive, 5D, EV 106.9 MPH)
|
|
Batting: SHB Josif Popovski
|
0-0: Ball 1-0: Swinging Strike 1-1: Called Strike 1-2: Ball 2-2: Ball 3-2: Base on Balls
|
|
Batting: RHB Chris Glavin
|
0-0: Called Strike 0-1: Foul Ball, location: 2F 0-2: Ball 1-2: Ball 2-2: Foul Ball, location: 2F 2-2: Foul Ball, location: 2F 2-2: Fly out, F8 (Flyball, 8RXD, EV 98.8 MPH) Runner from 2nd tags up, SAFE at 3rd, no throw by CF
|
|
Batting: RHB Jose Bengochea
|
0-0: Called Strike Josif Popovski steals 2nd base (no throw) 0-1: Fly out, F7 (Flyball, 7LM, EV 95.0 MPH)
|
|
Batting: LHB Dan Hunt
|
0-0: Ball 1-0: Called Strike 1-1: Ball 2-1: Ball 3-1: Ground out 4-3 (Groundball, 4, EV 80.0 MPH)
|
| Bottom of the 2nd over - 0 runs, 1 hit, 0 errors, 2 left on base; Mahoning Valley 1 - Hudson Valley 0 |
| TOP OF THE 3RD |
|
Mahoning Valley Scrappers batting - Pitching for Hudson Valley Renegades : RHP Dave Navarro
|
|
Batting: RHB Juan Padilla
|
0-0: Called Strike 0-1: Called Strike 0-2: Strikes out looking
|
|
Batting: RHB Ryan Gautney
|
0-0: Ball 1-0: Ball 2-0: Ball 3-0: Hit by Pitch
|
|
Batting: SHB Joe Zeiset
|
0-0: Ball 1-0: Fly out, F9 (Flyball, 89D, EV 97.5 MPH)
|
|
Batting: LHB Devon Grant
|
0-0: Ball 1-0: Ball 2-0: Fielders Choice at 2nd, U6 (Groundball, 6M, EV 88.8 MPH)
|
| Top of the 3rd over - 0 runs, 0 hits, 0 errors, 1 left on base; Mahoning Valley 1 - Hudson Valley 0 |
| BOTTOM OF THE 3RD |
|
Hudson Valley Renegades batting - Pitching for Mahoning Valley Scrappers : RHP Fomio Tashima
|
|
Batting: RHB Jesse Haddad
|
0-0: Called Strike 0-1: Called Strike 0-2: Reaches on Catchers interference
|
|
Batting: LHB Mark Marvin
|
0-0: Swinging Strike 0-1: Called Strike Jesse Haddad steals 2nd base 0-2: Ball 1-2: Ball 2-2: Strikes out swinging
|
|
Batting: SHB Suljo Dokic
|
0-0: Ball 1-0: Ball 2-0: Ball 3-0: Called Strike 3-1: Foul Ball, location: 2F 3-2: Base on Balls
|
|
Batting: LHB Killian Chaumont
|
0-0: Foul Ball, location: 2F 0-1: Ball 1-1: Ball 2-1: Fly out, F7 (Flyball, 7, EV 88.1 MPH)
|
|
Batting: RHB Khalil Walker
|
0-0: Ball 1-0: Ball 2-0: Called Strike 2-1: Foul Ball, location: 2F 2-2: DOUBLE (Line Drive, 89D, EV 107.5 MPH) Jesse Haddad scores Suljo Dokic to third
|
|
Pinch Runner at 2nd Tirta Subandrio:
|
|
|
Batting: SHB Josif Popovski
|
0-0: Called Strike 0-1: Foul Ball, location: 2F 0-2: Strikes out looking
|
| Bottom of the 3rd over - 1 run, 1 hit, 1 error, 2 left on base; Mahoning Valley 1 - Hudson Valley 1 |
| TOP OF THE 4TH |
|
Mahoning Valley Scrappers batting - Pitching for Hudson Valley Renegades : RHP Dave Navarro
|
|
Now at SS: Tirta Subandrio
|
|
|
Batting: RHB Jeremy Givens
|
0-0: Called Strike 0-1: DOUBLE (Flyball, 89D, EV 102.5 MPH)
|
|
Batting: RHB Ricky Cordova
|
0-0: Ground out 6-3 (Groundball, 6, EV 97.5 MPH)
|
|
Batting: RHB Blake Kelly
|
0-0: Ball 1-0: Called Strike 1-1: Swinging Strike 1-2: Strikes out swinging
|
|
Batting: RHB Gashie Chimsima
|
0-0: Ball 1-0: Ball 2-0: Ball 3-0: Base on Balls
|
|
Batting: LHB John Harring
|
0-0: Ball 1-0: Ground out U3 (Groundball, 3, EV 85.6 MPH)
|
| Top of the 4th over - 0 runs, 1 hit, 0 errors, 2 left on base; Mahoning Valley 1 - Hudson Valley 1 |
| BOTTOM OF THE 4TH |
|
Hudson Valley Renegades batting - Pitching for Mahoning Valley Scrappers : RHP Fomio Tashima
|
|
Batting: RHB Chris Glavin
|
0-0: Ball 1-0: Called Strike 1-1: Ground out 5-3 (Groundball, 56, EV 110.0 MPH)
|
|
Batting: RHB Jose Bengochea
|
0-0: Ball 1-0: Swinging Strike 1-1: Swinging Strike 1-2: Foul Ball, location: 2F 1-2: Ball 2-2: Ball 3-2: Strikes out swinging
|
|
Batting: LHB Dan Hunt
|
0-0: Swinging Strike 0-1: Ball 1-1: Ball 2-1: Called Strike 2-2: Foul Ball, location: 2F 2-2: Foul Ball, location: 2F 2-2: Ball 3-2: Foul Ball, location: 2F 3-2: Ground out 6-3 (Groundball, 4MS, EV 94.4 MPH)
|
| Bottom of the 4th over - 0 runs, 0 hits, 0 errors, 0 left on base; Mahoning Valley 1 - Hudson Valley 1 |
| TOP OF THE 5TH |
|
Mahoning Valley Scrappers batting - Pitching for Hudson Valley Renegades : RHP Dave Navarro
|
|
Batting: RHB Juan Padilla
|
0-0: Ball 1-0: Swinging Strike 1-1: Foul Ball, location: 2F 1-2: Foul Ball, location: 2F 1-2: TRIPLE (Flyball, 78XD, EV 106.9 MPH)
|
|
Batting: RHB Ryan Gautney
|
0-0: Called Strike 0-1: Called Strike 0-2: SINGLE (Line Drive, 4, EV 96.9 MPH) Juan Padilla scores
|
|
Batting: SHB Joe Zeiset
|
0-0: Ball 1-0: Called Strike 1-1: Swinging Strike 1-2: Ball 2-2: Ball 3-2: Strikes out swinging
|
|
Batting: LHB Devon Grant
|
0-0: Ball 1-0: Ball 2-0: Foul Ball, location: 2F 2-1: Ball 3-1: Foul Ball, location: 2F 3-2: Strikes out swinging
|
|
Batting: RHB Jeremy Givens
|
0-0: Foul Ball, location: 2F 0-1: Called Strike 0-2: Ball 1-2: Fielders Choice at 2nd, 6-4 (Groundball, 6, EV 83.1 MPH)
|
| Top of the 5th over - 1 run, 2 hits, 0 errors, 1 left on base; Mahoning Valley 2 - Hudson Valley 1 |
| BOTTOM OF THE 5TH |
|
Hudson Valley Renegades batting - Pitching for Mahoning Valley Scrappers : RHP Fomio Tashima
|
|
Pitching: RHP Victor Amador
|
|
|
Batting: RHB Jesse Haddad
|
0-0: Ball 1-0: Called Strike 1-1: Ball 2-1: Called Strike 2-2: Ball 3-2: Base on Balls
|
|
Batting: LHB Mark Marvin
|
0-0: Fly out, F8 (Flyball, 89M, EV 80.0 MPH)
|
|
Batting: SHB Suljo Dokic
|
0-0: Called Strike Jesse Haddad steals 2nd base 0-1: Foul Ball, location: 2F 0-2: Ball 1-2: Strikes out looking
|
|
Batting: LHB Killian Chaumont
|
0-0: Ball 1-0: Called Strike 1-1: Foul Ball, location: 2F 1-2: Strikes out swinging
|
| Bottom of the 5th over - 0 runs, 0 hits, 0 errors, 1 left on base; Mahoning Valley 2 - Hudson Valley 1 |
| TOP OF THE 6TH |
|
Mahoning Valley Scrappers batting - Pitching for Hudson Valley Renegades : RHP Dave Navarro
|
|
Batting: RHB Ricky Cordova
|
0-0: Ball 1-0: Fly out, F8 (Line Drive, 8LM, EV 85.6 MPH)
|
|
Batting: RHB Blake Kelly
|
0-0: Swinging Strike 0-1: Ball 1-1: Ball 2-1: Called Strike 2-2: Strikes out looking
|
|
Batting: RHB Gashie Chimsima
|
0-0: Ball 1-0: Ball 2-0: Fly out, F9 (Line Drive, 9S, EV 97.5 MPH)
|
| Top of the 6th over - 0 runs, 0 hits, 0 errors, 0 left on base; Mahoning Valley 2 - Hudson Valley 1 |
| BOTTOM OF THE 6TH |
|
Hudson Valley Renegades batting - Pitching for Mahoning Valley Scrappers : RHP Victor Amador
|
|
Batting: SHB Tirta Subandrio
|
0-0: Ball 1-0: Ground out 6-3 (Groundball, 6, EV 78.8 MPH)
|
|
Batting: SHB Josif Popovski
|
0-0: Ball 1-0: Fly out, F6 (Line Drive, 5, EV 66.3 MPH)
|
|
Batting: RHB Chris Glavin
|
0-0: Foul Ball, location: 2F 0-1: Foul Ball, location: 2F 0-2: Ground out 6-3 (Groundball, 56, EV 105.0 MPH)
|
| Bottom of the 6th over - 0 runs, 0 hits, 0 errors, 0 left on base; Mahoning Valley 2 - Hudson Valley 1 |
| TOP OF THE 7TH |
|
Mahoning Valley Scrappers batting - Pitching for Hudson Valley Renegades : RHP Dave Navarro
|
|
Pitching: LHP Hugo Aquino
|
|
|
Batting: LHB John Harring
|
0-0: Called Strike 0-1: Called Strike 0-2: Strikes out swinging
|
|
Pitching: RHP Pablo Maravilla
|
|
|
Batting: RHB Juan Padilla
|
0-0: Ground out 6-3 (Groundball, P, EV 83.8 MPH)
|
|
Batting: RHB Ryan Gautney
|
0-0: Ball 1-0: Ground out 5-3 (Groundball, 5S, EV 81.9 MPH)
|
| Top of the 7th over - 0 runs, 0 hits, 0 errors, 0 left on base; Mahoning Valley 2 - Hudson Valley 1 |
| BOTTOM OF THE 7TH |
|
Hudson Valley Renegades batting - Pitching for Mahoning Valley Scrappers : RHP Victor Amador
|
|
Pitching: RHP Josh Hughes
|
|
|
Batting: RHB Jose Bengochea
|
0-0: Fly out, F6 (Line Drive, 6, EV 76.3 MPH)
|
|
Batting: LHB Dan Hunt
|
0-0: Ball 1-0: Foul Ball, location: 2F 1-1: Ground out 5-3 (Groundball, 15, EV 83.1 MPH)
|
|
Batting: RHB Jesse Haddad
|
0-0: Called Strike 0-1: Ball 1-1: Foul Ball, location: 2F 1-2: Foul Ball, location: 2F 1-2: Ground out 5-3 (Groundball, 56S, EV 71.3 MPH)
|
| Bottom of the 7th over - 0 runs, 0 hits, 0 errors, 0 left on base; Mahoning Valley 2 - Hudson Valley 1 |
| TOP OF THE 8TH |
|
Mahoning Valley Scrappers batting - Pitching for Hudson Valley Renegades : RHP Pablo Maravilla
|
|
Batting: SHB Joe Zeiset
|
0-0: Ball 1-0: Ball 2-0: Ground out 6-3 (Groundball, 56, EV 106.3 MPH)
|
|
Batting: LHB Devon Grant
|
0-0: Called Strike 0-1: Foul Ball, location: 2F 0-2: Ball 1-2: Ball 2-2: Strikes out swinging
|
|
Batting: RHB Jeremy Givens
|
0-0: Ball 1-0: Swinging Strike 1-1: Ball 2-1: Ground out 6-3 (Groundball, 6, EV 91.9 MPH)
|
| Top of the 8th over - 0 runs, 0 hits, 0 errors, 0 left on base; Mahoning Valley 2 - Hudson Valley 1 |
| BOTTOM OF THE 8TH |
|
Hudson Valley Renegades batting - Pitching for Mahoning Valley Scrappers : RHP Josh Hughes
|
|
Batting: LHB Mark Marvin
|
0-0: Ball 1-0: Called Strike 1-1: Ground out 6-3 (Groundball, 56S, EV 63.8 MPH)
|
|
Batting: SHB Suljo Dokic
|
0-0: Called Strike 0-1: Foul Ball, location: 2F 0-2: Strikes out looking
|
|
Batting: LHB Killian Chaumont
|
0-0: Ball 1-0: Foul Ball, location: 2F 1-1: Ball 2-1: Ball 3-1: Base on Balls
|
|
Batting: SHB Tirta Subandrio
|
0-0: Ground out 4-3 (Groundball, 34, EV 107.5 MPH)
|
| Bottom of the 8th over - 0 runs, 0 hits, 0 errors, 1 left on base; Mahoning Valley 2 - Hudson Valley 1 |
| TOP OF THE 9TH |
|
Mahoning Valley Scrappers batting - Pitching for Hudson Valley Renegades : RHP Pablo Maravilla
|
|
Pitching: RHP Juan Estrella
|
|
|
Batting: RHB Ricky Cordova
|
0-0: Ball 1-0: Ball 2-0: Ball 3-0: Called Strike 3-1: Base on Balls
|
|
Batting: RHB Blake Kelly
|
0-0: Ball Ricky Cordova is caught stealing 2nd base 2-4 1-0: Called Strike 1-1: Ball 2-1: Foul Ball, location: 2F 2-2: Strikes out swinging
|
|
Batting: RHB Gashie Chimsima
|
0-0: Ball 1-0: Ball 2-0: Ball 3-0: Base on Balls
|
|
Batting: LHB John Harring
|
0-0: Called Strike 0-1: Called Strike 0-2: Strikes out swinging
|
| Top of the 9th over - 0 runs, 0 hits, 0 errors, 1 left on base; Mahoning Valley 2 - Hudson Valley 1 |
| BOTTOM OF THE 9TH |
|
Hudson Valley Renegades batting - Pitching for Mahoning Valley Scrappers : RHP Josh Hughes
|
|
Pitching: RHP Chris DeVall
|
|
|
Batting: SHB Josif Popovski
|
0-0: TRIPLE (Line Drive, 89XD, EV 99.4 MPH)
|
|
Batting: RHB Chris Glavin
|
0-0: Ball 1-0: Foul Ball, location: 2F 1-1: Swinging Strike 1-2: Strikes out swinging
|
|
Pinch Hitting: RHB Mark Richert
|
0-0: Bunted foul 0-1: Ball 1-1: Ball Squeeze bunt is on, Josif Popovski is out 2-2: Strikes out swinging
|
| Bottom of the 9th over - 0 runs, 1 hit, 0 errors, 0 left on base; Mahoning Valley 2 - Hudson Valley 1 |
|